 Dungeon Crawl Stone Soup version 0.19-a0-1937-g70ed36a (webtiles) character file.

2039 Softman25 the Destroyer (level 9, -2/56 HPs)
             Began as a High Elf Conjurer on Oct 27, 2016.
             Was a Follower of Vehumet.
             Shot with an arrow by a centaur (10 damage)
             ... on level 6 of the Dungeon.
             The game lasted 00:20:13 (6381 turns).

Softman25 the Destroyer (High Elf Conjurer)         Turns: 6381, Time: 00:20:14

Health: -2/56      AC:  4    Str:  8    XL:     9   Next: 4%
Magic:  9/16       EV: 13    Int: 21    God:    Vehumet [*.....]
Gold:   279        SH:  0    Dex: 17    Spells: 4 memorised, 4 levels left

rFire  . . .     SeeInvis .     d - +2 whip (elec)
rCold  . . .     Gourm    .     a - +0 robe
rNeg   . . .     Faith    .     (no shield)
rPois  +         Spirit   .     r - +1 helmet "Niel Pi Waa" {rPois Stlth+}
rElec  .         Reflect  .     (no cloak)
rCorr  .         Harm     .     (no gloves)
MR     .....                    (no boots)
Stlth  ++........               j - amulet of magic regeneration
                                (no ring)
                                (no ring)

@: no status effects
A: no striking features
a: Renounce Religion


You were on level 6 of the Dungeon.
You worshipped Vehumet.
Vehumet was aware of your devotion.
You were not hungry.

You visited 2 branches of the dungeon, and saw 7 of its levels.

You collected 279 gold pieces.

Inventory:

Hand Weapons
 d - a +2 whip of electrocution (weapon)
 f - a +0 hunting sling
Missiles
 e - 152 stones (quivered)
 q - 62 sling bullets
Armour
 a - a +0 robe (worn)
 r - the +1 helmet "Niel Pi Waa" (worn) {rPois Stlth+}
   (You took it off Robin on level 4 of the Dungeon)

   It protects you from poison.
   It makes you more stealthy.
Jewellery
 j - an amulet of magic regeneration (around neck)
Wands
 l - a wand of iceblast (7/15)
 y - a wand of hasting (2/9)
Scrolls
 g - 2 scrolls of enchant weapon
 m - 2 scrolls of teleportation
 p - 2 scrolls of magic mapping
Potions
 h - 2 potions of agility
 i - a potion of cure mutation {unknown}
 k - 6 potions of curing {unknown}
 n - 2 potions of degeneration {unknown}
 s - a potion of ambrosia {unknown}
 t - 3 potions of heal wounds {unknown}
 u - 2 potions of experience {unknown}
 x - a potion of might {unknown}
 z - 3 potions of flight {unknown}
 C - a potion of brilliance {unknown}
 E - a potion of cancellation {unknown}
Books
 b - a book of Conjurations

   Spells                             Type                      Level
   a - Magic Dart                     Conjuration                  1
   b - Searing Ray                    Conjuration                  2
   c - Dazzling Spray                 Conjuration/Hexes            3
   d - Fulminant Prism                Conjuration/Hexes            4
   e - Iskenderun's Mystic Blast      Conjuration                  4
   f - Iskenderun's Battlesphere      Conjuration/Charms           5
Comestibles
 c - 4 bread rations
 o - 2 slices of pizza
 v - 3 meat rations
 w - 4 chunks of flesh
 A - a beef jerky
 D - 4 fruits


   Skills:
 - Level 3.1 Fighting
   Level 0.5 Short Blades
 - Level 2.1 Dodging
 - Level 2.1 Stealth
 - Level 4.1 Spellcasting
 + Level 9.5 Conjurations
 + Level 9.2 Charms


You had 4 spell levels left.
You knew the following spells:

 Your Spells              Type           Power        Failure   Level  Hunger
a - Magic Dart            Conj           ####         1%          1    None
b - Searing Ray           Conj           #####.       1%          2    #......
c - Iskenderun's Battles  Conj/Chrm      #####...     10%         5    ######.
d - Iskenderun's Mystic   Conj           #####...     2%          4    ####...


Dungeon Overview and Level Annotations

Branches:
Dungeon (6/15)             Temple (1/1) D:5

Altars:
Ashenzari
Cheibriados
Dithmenos
Elyvilon
Fedhas
Gozag
Hepliaklqana
Kikubaaqudgha
Makhleb
Nemelex Xobeh
Okawaru
Qazlal
Ru
Sif Muna
Trog
Uskayaw
Vehumet
Xom
Yredelemnul
Zin
The Shining One


Message History

The electric eel is moderately wounded.
Your battlesphere fires!
The barrage of energy hits the electric eel.
The electric eel is severely wounded.
The centaur shoots an arrow.
The arrow barely misses you. The arrow hits your battlesphere!
Casting: Magic Dart
Confirm with . or Enter, or press ? or * to list all spells.
Aiming: Magic Dart
Press: ? - help, Shift-Dir - straight line, f/p - electric eel
Aim: an electric eel (water, severely wounded)
The magic dart hits the electric eel.
The electric eel is almost dead.
Your battlesphere fires!
The barrage of energy hits the electric eel.
You kill the electric eel!
Vehumet accepts your kill.
You hear a splash.
The centaur shoots an arrow.
The arrow hits you!
You die...

≈≈#≈≈≈≈.## #.#
≈≈≈≈≈#≈≈≈≈#####.#
≈≈≈<.!≈†≈≈≈#.##.#
≈≈≈..≈.≈≈≈#..##.#
#≈≈.≈≈≈≈≈≈≈....#
≈#≈≈.≈≈≈≈≈≈≈≈.###
≈≈≈...≈≈#≈≈≈≈.#
#≈.<8*≈≈≈≈≈..#
≈#((.≈@≈≈≈#≈##
≈≈≈≈.≈#≈≈≈≈≈≈#
≈≈≈≈.?≈≈≈≈≈≈##
#≈≈..|≈≈≈≈≈.# ;≈≈
..≈≈≈≈≈#.# ≈≈
h≈≈≈≈c≈##.# .
≈≈≈≈≈≈.## #
#≈≈.≈≈...


You could see a centaur, a howler monkey, an electric eel and a friendly
battlesphere.

Vanquished Creatures
  A hippogriff (D:5)
  Eustachio (D:5)
  Duvessa (D:5)
  A sky beast (D:5)
  An ice beast (D:5)
  A phantom (D:4)
  4 ogres
  Blork the orc (D:5)
  A scorpion (D:5)
  Dowan (D:5)
  An electric eel (D:6)
  2 howler monkeys
  2 crimson imps (D:5)
  2 hounds
  2 orc wizards (D:4)
  4 iguanas
  Jessica (D:2)
  2 worker ants (D:4)
  Robin (D:4)
  15 gnolls
  11 adders
  A shadow imp (D:6)
  A worm (D:4)
  5 dart slugs
  2 leopard geckos (D:6)
  7 orcs
  A ball python (D:2)
  7 giant cockroaches
  20 goblins
  6 hobgoblins
  9 jackals
  11 kobolds
  3 quokkas
  4 bats
  6 frilled lizards
  A quokka skeleton (D:5)
  5 rats
145 creatures vanquished.

Notes
Turn   | Place    | Note
-------+----------+-------------------------------------------
     0 | D:1      | Softman25 the High Elf Conjurer began the quest for the Orb.
     0 | D:1      | Reached XP level 1. HP: 11/11 MP: 4/4
   286 | D:1      | Reached XP level 2. HP: 17/17 MP: 2/6
  1194 | D:2      | Reached XP level 3. HP: 16/21 MP: 2/8
  1448 | D:2      | Found a shadowy altar of Dithmenos.
  1542 | D:2      | Reached skill level 5 in Conjurations
  1733 | D:2      | Reached XP level 4. HP: 27/27 MP: 6/11
  1977 | D:2      | Reached skill level 1 in Fighting
  2051 | D:2      | Noticed Jessica
  2056 | D:2      | Learned a level 2 spell: Searing Ray
  2060 | D:2      | Killed Jessica
  2287 | D:3      | Found a hide-covered altar of Uskayaw.
  2290 | D:3      | Reached XP level 5. HP: 34/34 MP: 8/12
  2974 | D:4      | Reached XP level 6. HP: 18/42 MP: 7/13
  3296 | D:4      | Learned a level 5 spell: Iskenderun's Battlesphere
  3301 | D:4      | Learned a level 4 spell: Iskenderun's Mystic Blast
  3306 | D:4      | Noticed Robin
  3310 | D:4      | Killed Robin
  3320 | D:4      | Got a polished helmet
  3334 | D:4      | Identified the +1 helmet "Niel Pi Waa" {rPois Stlth+} (You took it off Robin on level 4 of the Dungeon)
  3458 | D:4      | Reached skill level 1 in Charms
  3670 | D:4      | Found a sparkling altar of Nemelex Xobeh.
  4045 | D:4      | Reached XP level 7. HP: 42/46 MP: 9/14
  4301 | D:4      | Reached skill level 5 in Charms
  4314 | D:5      | Entered Level 5 of the Dungeon
  4399 | D:5      | Noticed a hippogriff
  4481 | D:5      | Found an ancient bone altar of Kikubaaqudgha.
  4493 | D:5      | Found a staircase to the Ecumenical Temple.
  4583 | Temple   | Entered the Ecumenical Temple
  4653 | Temple   | Became a worshipper of Vehumet
  4996 | D:5      | Noticed Blork the orc
  5001 | D:5      | Killed Blork the orc
  5002 | D:5      | Noticed Eustachio
  5233 | D:5      | Reached XP level 8. HP: 52/52 MP: 11/15
  5258 | D:5      | Killed a hippogriff
  5475 | D:5      | Learned a level 1 spell: Magic Dart
  5614 | D:5      | Noticed Dowan
  5618 | D:5      | Noticed Duvessa
  5618 | D:5      | Killed Dowan
  5624 | D:5      | Killed Duvessa
  5963 | D:5      | Killed Eustachio
  6095 | D:6      | Reached * piety under Vehumet
  6095 | D:6      | Offered knowledge of Shock by Vehumet.
  6277 | D:6      | Reached XP level 9. HP: 33/56 MP: 9/16
  6381 | D:6      | Shot with an arrow by a centaur

Vault maps used:
D:1:      roderic_crop_circles_arrival_small, serial_park_tiny_2
D:2:      overflow_temple_1_default, minivault_11, uniq_jessica
D:3:      overflow_temple_1_default, first_bread
D:4:      kennysheep_goblin_castle, st_stairs_8, nemelex_spade_bored_becter
D:5:      kiku_gazebo_garden_becter, kennysheep_generic_room_13, uniq_eustachio,
          uniq_duvessa, uniq_blork_the_orc
D:6:      kennysheep_slugbush
Temple:   dpeg_five_rooms_temple

Skill      XL: |  1  2  3  4  5  6  7  8 |
---------------+-------------------------+-----
Spellcasting   | 3 4 |  4.1
Conjurations   | 5 6 7 9 |  9.5
Fighting       | 2 3 |  3.1
Charms         | 3 6 9 |  9.2
Short Blades   | |  0.5
Dodging        | |  2.1
Stealth        | |  2.1

Action                   |  1- 3 |  4- 6 |  7- 9 || total
-------------------------+-------+-------+-------++-------
Melee: Unarmed           |     4 |       |       ||     4
       Whip              |    18 |     1 |       ||    19
       Short sword       |       |    28 |    24 ||    52
 Fire: Hunting sling     |    18 |       |       ||    18
Throw: Stone             |     4 |       |       ||     4
 Cast: Magic Dart        |    63 |   121 |   176 ||   360
       Searing Ray       |       |    11 |     2 ||    13
       Iskenderun's Myst |       |       |     6 ||     6
       Iskenderun's Batt |       |       |    11 ||    11
  Use: Scroll            |       |    10 |     4 ||    14
  Eat: Chunk             |     2 |     8 |     8 ||    18
       Meat ration       |       |       |     1 ||     1
Armor: Robe              |     6 |    11 |    17 ||    34
Dodge: Dodged            |    26 |    47 |    50 ||   123
